 Dungeon Crawl Stone Soup version 0.24-a0-584-g9d6b971ae4 (webtiles) character file.

Game seed: 5653813372508408205, levelgen mode: deterministic

34 MisterFreud the Slasher (level 3, 0/26 HPs)
             Began as an Octopode Fighter on Sept 3, 2019.
             Slain by an adder (4 damage)
             ... on level 2 of the Dungeon.
             The game lasted 00:01:24 (855 turns).

MisterFreud the Slasher (Octopode Fighter)           Turns: 855, Time: 00:01:24

Health: 0/26       AC:  1    Str: 15    XL:     3   Next: 31%
Magic:  3/3        EV: 11    Int: 11    God:
Gold:   68         SH:  8    Dex: 11    Spells: 2/2 levels left

rFire    . . .     SeeInvis .   a - +0 long sword
rCold    . . .     Gourm    .   b - +0 shield
rNeg     . . .     Faith    .   (helmet restricted)
rPois    .         Spirit   .   (no amulet)
rElec    .         Reflect  .   (no ring)
rCorr    .         Harm     .   (no ring)
MR       .....                  (no ring)
Stlth    ++........             (no ring)
HPRegen  0.08/turn              (no ring)
MPRegen  0.08/turn              (no ring)
                                (no ring)
                                (no ring)

@: no status effects
A: almost no armour, stealthy swim, amphibious, 8 rings, constrict 8, camouflage
1, gelatinous body 1
a: no special abilities


You were on level 2 of the Dungeon.
You were not hungry.

You visited 1 branch of the dungeon, and saw 2 of its levels.

You collected 68 gold pieces.

Inventory:

Hand Weapons
 a - a +0 long sword (weapon)
Missiles
 e - 64 stones (quivered)
 h - 14 sling bullets
 i - 55 arrows
Armour
 b - a +0 shield (worn)
Scrolls
 f - 3 scrolls of remove curse {unknown}
 j - 2 scrolls of identify {unknown}
 k - a scroll of teleportation {unknown}
 l - a scroll of random uselessness {unknown}
Potions
 c - a potion of might
 g - a potion of curing {unknown}
Comestibles
 d - 3 rations


   Skills:
 - Level 3.0 Fighting
 + Level 3.6 Long Blades
 - Level 3.0 Dodging
 - Level 3.0 Shields


You had 2 spell levels left.
You didn't know any spells.
Your spell library was empty.

Dungeon Overview and Level Annotations

Branches:
Dungeon (2/15)

Altars:


Innate Abilities, Weirdness & Mutations

You cannot wear most types of armour.
You are very stealthy in the water. (Stealth+)
You are amphibious.
You can wear up to eight rings at the same time.
You can use your tentacles to constrict eight enemies at once.
Your skin changes colour to match your surroundings (Stealth+).
Your rubbery body absorbs attacks. (AC +1, EV +1)


Message History

No target in view!
l - a scroll labeled ROZUUN MOTHRAO The gnoll is too close now for your liking.
You see here 13 gold pieces.
An adder comes into view.
The gnoll shouts!
The gnoll hits you from afar with a +0 halberd!
Ouch! That really hurt!
Found a scroll labeled KECKEI XYSASUOR.
You block the gnoll's attack.
You hit the gnoll. Your grab misses the gnoll.
The gnoll is moderately wounded.
The adder bites you. The gnoll hits you with a +0 halberd!
* * * LOW HITPOINT WARNING * * *
The adder closely misses you.
You hit the gnoll. You grab the gnoll.
You squeeze the gnoll, but do no damage.
The gnoll is heavily wounded.
You constrict the gnoll. The gnoll barely misses you. The adder bites you.
You die...

#....... ........ ###
........ ?... ........
..... ##........
......#..#...#
.....#........#...#
.....#..##....##gS#
.........#.##.##@###
.......#.$.......$.#
.................#.#
...................### #
......>#.............#.##
.......#..........#.....##
......)!.................#
..................#......#
......#.....).....##.#.....


You could see a gnoll and an adder.

Vanquished Creatures
  2 gnolls (D:2)
  A leopard gecko (D:2)
  5 hobgoblins
  A frilled lizard (D:2)
  2 kobolds (D:2)
  3 rats
14 creatures vanquished.

Notes
Turn   | Place    | Note
-------+----------+-------------------------------------------
     0 | D:1      | MisterFreud the Octopode Fighter began the quest for the
                  | Orb.
     0 | D:1      | Reached XP level 1. HP: 16/16 MP: 1/1
   588 | D:2      | Reached XP level 2. HP: 21/21 MP: 2/2
   620 | D:2      | Reached XP level 3. HP: 19/26 MP: 3/3
   855 | D:2      | Slain by an adder

Levels and vault maps discovered:
D:1:      dpeg_arrival_orchard, layout_loops_ring
D:2:      layout_rooms, first_ration, minmay_circle_x

Skill      XL: |  1  2 |
---------------+-------+-----
Long Blades    | 3 |  3.6
Fighting       | |  3.0
Dodging        | |  3.0
Shields        | |  3.0

Action                   || total
-------------------------++-------
Melee: Long sword        ||    22
       Constrict         ||    10
       Tentacles         ||     6
 Stab: Sleeping          ||     3
Dodge: Dodged            ||     8
Block: Shield            ||     9
       Rpst.: Long sword ||     3

Table legend:
 A = Non-vault XP
 B = Vault XP
 C = Vault XP percentage of total XP
 D = Non-vault monster count
 E = Vault monster count
 F = Vault count percentage of total count
                 A         B        C        D         E       F
            +---------+---------+-------+---------+---------+-------
      Total |      49 |       0 |   0.0 |      14 |       0 |   0.0
            +---------+---------+-------+---------+---------+-------
        D:1 |       6 |       0 |   0.0 |       4 |       0 |   0.0
        D:2 |      43 |       0 |   0.0 |      10 |       0 |   0.0
            +---------+---------+-------+---------+---------+-------
